 Dungeon Crawl Stone Soup version 0.30.0-5-g1a98f26d00 (webtiles) character file.

Game seed: 5669485295963807171

4314 Irreverend the Skirmisher (level 10, -1/63 HPs)
             Began as a Kobold Hunter on May 10, 2023.
             Was an Initiate of Gozag.
             Slain by Erica
             ... wielding a +4 scimitar of flaming
              (4 damage)
             ... on level 8 of the Dungeon.
             The game lasted 00:11:01 (7066 turns).

Irreverend the Skirmisher (Kobold Hunter)           Turns: 7066, Time: 00:11:02

Health: -1/63      AC:  9    Str: 12    XL:     10   Next: 58%
Magic:  0/10       EV: 24    Int: 12    God:    Gozag
Gold:   506        SH:  0    Dex: 30    Spells: 9/9 levels left

rFire   . . .        J - +0 arbalest
rCold   . . .        (shield currently unavailable)
rNeg    . . .        q - +2 robe of the Kraken {*Corrode Str+4 Dex+2}
rPois   .            s - +2 hat
rElec   .            v - +0 cloak
rCorr   .            z - +0 pair of gloves
SInv    .            Q - +0 pair of boots
Will    .....        h - amulet of guardian spirit
Stlth   ++++++       f - +6 ring of dexterity
HPRegen 0.30/turn    K - +4 ring of protection
MPRegen 0.12/turn

%: corrode self (3%), guardian spirit
@: lethally poisoned (-1 -> -4), corroded
A: small, no large weapons, nightstalker 3
a: Renounce Religion, Potion Petition, Call Merchant, Bribe Branch


You were on level 8 of the Dungeon.
You worshipped Gozag.
Gozag was pleased with you.
You visited 2 branches of the dungeon, and saw 9 of its levels.
You also visited: Sewer.

You collected 616 gold pieces.
You paid 110 gold pieces to Gozag.

Inventory:

Hand Weapons
 a - a +0 shortbow
 J - a +0 arbalest (weapon)
 N - a +4 dagger
Missiles
 A - a throwing net
Armour
 c - a +0 leather armour
 q - the +2 robe of the Kraken (worn) {*Corrode Str+4 Dex+2}
   (You found it on level 2 of the Dungeon)

   Str:       It affects your strength (+4).
   Dex:       It affects your dexterity (+2).
   *Corrode:  It may corrode you when you take damage.
 s - a +2 hat (worn)
 v - a +0 cloak (worn)
 z - a +0 pair of gloves (worn)
 Q - a +0 pair of boots (worn)
Jewellery
 d - a ring of resist corrosion
 f - a +6 ring of dexterity (left hand)
 h - an amulet of guardian spirit (around neck)
 E - an amulet of magic regeneration
 K - a +4 ring of protection (right hand)
Wands
 D - a wand of iceblast (17)
 O - a wand of flame (47)
Scrolls
 b - 3 scrolls of immolation
 e - 8 scrolls of identify {unknown}
 i - 3 scrolls of fear {unknown}
 j - 3 scrolls of brand weapon {unknown}
 k - 2 scrolls of teleportation {unknown}
 l - 4 scrolls of summoning {unknown}
 n - a scroll of poison {unknown}
 x - 5 scrolls of amnesia {unknown}
 y - a scroll of torment {unknown}
 C - 3 scrolls of enchant armour {unknown}
 G - 2 scrolls of vulnerability {unknown}
 I - a scroll of silence {unknown}
 M - a scroll of enchant weapon {unknown}
 P - a scroll of magic mapping {unknown}
Potions
 g - 2 potions of resistance {unknown}
 m - a potion of degeneration {unknown}
 o - 2 potions of cancellation
 p - 3 potions of flight {unknown}
 r - 4 potions of heal wounds {unknown}
 t - a potion of invisibility {unknown}
 u - 3 potions of lignification {unknown}
 w - 5 potions of curing {unknown}
 B - 3 potions of haste {unknown}
 F - a potion of berserk rage {unknown}
 H - 2 potions of magic {unknown}
 L - a potion of attraction {unknown}


   Skills:
 + Level 7.5 Fighting
 * Level 13.1 Ranged Weapons
 + Level 8.2 Dodging
 + Level 9.5 Stealth


You had 9 spell levels left.
You didn't know any spells.
Your spell library contained the following spells:

 Spells                   Type           Power      Damage    Failure   Level
 Magic Dart               Conj           0%         1d3       32%         1
 Summon Small Mammal      Summ           0%         N/A       32%         1
 Call Imp                 Summ           0%         N/A       45%         2
 Call Canine Familiar     Summ           0%         N/A       69%         3
 Hailstorm                Conj/Ice       0%         3d3       69%         3
 Mephitic Cloud           Conj/Pois/Air  0%         N/A       69%         3
 Summon Guardian Golem    Hex/Summ       0%         N/A       69%         3
 Ice Form                 Ice/Tmut       0%         N/A       97%         4
 Simulacrum               Ice/Necr       Unusable   N/A       N/A         6

Dungeon Overview and Level Annotations

Branches:
Dungeon (8/15)             Temple (1/1) D:7           Sewer (visited)
   Lair: D:8-11

Altars:
Ashenzari
Cheibriados
Dithmenos
Elyvilon
Fedhas
Gozag
Kikubaaqudgha
Makhleb
Nemelex Xobeh
Okawaru
Qazlal
Ru
Sif Muna
Trog
Uskayaw
Vehumet
Wu Jian
Yredelemnul
Zin
The Shining One

Shops:
D:2 =

Annotations:
D:3 2 transporters
D:8 4 transporters, Erica


Innate Abilities, Weirdness & Mutations

You are small and have problems with some larger weapons.
You are completely attuned to the shadows.


Message History

You feel very sick.
You feel sick.
You feel sick.
You hear some strange, mumbled words.
You are confused.
You bump into the rock wall.
You feel sick.
You're too confused to move!
You feel sick. Something misses you.
You feel sick.
You feel sick.
You hear some strange, mumbled words.
You are more confused.
You shoot a bolt.
You feel sick.
You hear some strange, mumbled words.
Something tries to affect you, but you resist.
You shoot a bolt.
You feel sick.
You are no longer poisoned.
You hear some strange, mumbled words.
A bolt of poison appears from out of thin air!
The bolt of poison hits you!
You are poisoned.
You shoot a bolt.
You feel very sick.
You hear some strange, mumbled words.
You feel yourself slow down.
You shoot a bolt.
You feel very sick. Something hits you!
* * * LOW HITPOINT WARNING * * *
Something burns you.
* * * LOW HITPOINT WARNING * * *
Something misses you.
It was a potion of cancellation.
Your magical effects are unravelling.
You feel magically purged.
You feel yourself speed up.
You feel less confused.
You feel sick. Something hits you!
* * * LOW HITPOINT WARNING * * *
Your corrosive artefact corrodes you!
Something burns you.
You die...
Your body crumbles into a pile of gold.

#.........##...#....
##........#....#####
######....#..#....#..#
##...............###..#
#.#####.#####....######
### #.# ##..###..# #.#
#...##.#### #.##
###......#..#
#{@##....###....#
##..>.....####...#
##..........####.##
#.....#<......#...###
......<####.......#...#
##.#...# ##.....#######
##...## #...##[# #.
....###..###.# #.
##.##..## #.# #.


There were no monsters in sight!

Vanquished Creatures
  Sigmund (D:2)
  4 yaks (D:8)
  3 steam dragons
  An acid dragon (D:8)
  A water moccasin (D:7)
  Pargi (D:3)
  An ice beast (D:7)
  A sky beast (D:7)
  A black bear (D:5)
  4 ogres
  A centaur (D:8)
  A phantom (D:5)
  A kobold brigand (D:7)
  2 bullfrogs
  4 scorpions
  15 wights
  3 howler monkeys
  4 jellies
  4 hounds
  A quasit (D:7)
  An orc priest (D:6)
  2 sleepcaps (D:5)
  Ijyb (D:3)
  2 iguanas
  2 orc wizards (D:6)
  9 adders
  3 gnolls (D:6)
  2 river rats
  4 shadow imps (D:7)
  3 white imps (D:7)
  2 ufetubi
  A worm (Sewer)
  6 dart slugs
  7 orcs
  7 ball pythons
  6 bats
  14 endoplasms
  14 giant cockroaches
  7 goblins
  6 hobgoblins
  4 jackals (D:1)
  11 kobolds
  7 quokkas
  7 frilled lizards
  8 rats
190 creatures vanquished.

Notes
Turn   | Place    | Note
-------+----------+-------------------------------------------
     0 | D:1      | Irreverend the Kobold Hunter began the quest for the Orb.
     0 | D:1      | Reached XP level 1. HP: 12/12 MP: 1/1
   162 | D:1      | Reached XP level 2. HP: 18/18 MP: 2/2
   496 | D:1      | Reached XP level 3. HP: 22/22 MP: 3/3
   695 | D:1      | Reached skill level 6 in Ranged Weapons
  1186 | D:2      | Found Secvaik's Jewellery Shop.
  1192 | D:2      | Reached XP level 4. HP: 27/27 MP: 4/4
  1236 | D:2      | Noticed Sigmund
  1249 | D:2      | Killed Sigmund
  1250 | D:2      | Reached skill level 7 in Ranged Weapons
  1250 | D:2      | Reached XP level 5. HP: 32/32 MP: 5/5
  1250 | D:2      | Reached XP level 6. HP: 37/37 MP: 6/6
  1403 | D:2      | Identified the +2 robe of the Kraken {*Corrode Str+4 Dex+2}
  1874 | D:3      | Noticed Pargi
  1882 | D:3      | Killed Pargi
  1994 | D:3      | Found a transporter.
  2083 | D:3      | Found a transporter.
  2114 | D:3      | Noticed Ijyb
  2144 | D:3      | Killed Ijyb
  2145 | D:3      | Reached XP level 7. HP: 41/42 MP: 7/7
  2230 | D:3      | Found a basalt altar of Yredelemnul.
  2353 | D:3      | Found a faded altar of an unknown god.
  2609 | D:4      | Reached skill level 8 in Ranged Weapons
  2638 | D:4      | Reached skill level 5 in Stealth
  3240 | D:5      | Entered Level 5 of the Dungeon
  3362 | D:5      | Reached XP level 8. HP: 46/48 MP: 5/8
  3365 | D:5      | Reached skill level 5 in Dodging
  3368 | D:5      | Reached skill level 9 in Ranged Weapons
  3574 | D:5      | Found a glowing drain.
  3578 | Sewer    | Entered a sewer
  3711 | Sewer    | Found a viscous altar of Jiyva.
  3764 | Sewer    | Reached skill level 5 in Fighting
  4117 | D:5      | Reached skill level 10 in Ranged Weapons
  4246 | D:5      | Reached XP level 9. HP: 49/54 MP: 7/9
  4804 | D:6      | Reached skill level 11 in Ranged Weapons
  5404 | D:7      | Found an ancient bone altar of Kikubaaqudgha.
  5457 | D:7      | Reached XP level 10. HP: 61/61 MP: 10/10
  5461 | D:7      | Reached skill level 12 in Ranged Weapons
  5625 | D:7      | Found a staircase to the Ecumenical Temple.
  5704 | Temple   | Entered the Ecumenical Temple
  5739 | Temple   | Became a worshipper of Gozag Ym Sagoz the Greedy
  6291 | D:8      | Found a transporter.
  6292 | D:8      | Found a transporter.
  6731 | D:8      | Reached skill level 13 in Ranged Weapons
  7000 | D:8      | Found an iron altar of Okawaru.
  7000 | D:8      | Found a hide-covered altar of Uskayaw.
  7004 | D:8      | Found a snail-covered altar of Cheibriados.
  7013 | D:8      | Found a glowing golden altar of the Shining One.
  7022 | D:8      | Found a transporter.
  7023 | D:8      | Found a transporter.
  7051 | D:8      | Noticed Erica
  7066 | D:8      | HP: 3/63 [something (6)]
  7066 | D:8      | Slain by Erica

Illustrated notes

Levels and vault maps discovered:
D:1:      beargit_arrival_diablo_church, layout_loops_ring
D:2:      layout_loops_ring, serial_shops, nicolae_shop_window_shopping,
          dreamdust_wishing_well, kennysheep_generic_room_5, uniq_sigmund
D:3:      gammafunk_steamed_eel, layout_rooms, overflow_temple_1_default,
          hellmonk_ecumenical_altar_heavens_door, uniq_pargi, uniq_ijyb
D:4:      layout_loops_ring
D:5:      layout_basic, gup_sewer_entry_spiral
D:6:      layout_basic
D:7:      layout_rooms, mainiacjoe_overflow_alcove_1,
          minmay_temple_entry_nine_rooms, serial_demonic, serial_demonic_f,
          serial_demonic_b, serial_demonic_d, serial_demonic_b,
          serial_demonic_d, hangedman_decor_push, columned_hall_lemuel
D:8:      layout_layer_cave, grunt_temple_overflow_open,
          nicolae_wooded_promenade, serial_nicolae_subway,
          nicolae_sub_station_crystal, nicolae_sub_station_stone,
          nicolae_sub_station_metal, uniq_erica
Temple:   nicolae_temple_superstar

Skill      XL: |  1  2  3  4  5  6  7  8  9 10 |
---------------+-------------------------------+-----
Stealth        | 2 3 4 5 6 8 9 |  9.5
Ranged Weapons | 6 7 8 10 11 13 | 13.1
Dodging        | 3 4 6 7 8 |  8.2
Fighting       | 3 4 5 6 7 |  7.5

Action                     |  1- 3 |  4- 6 |  7- 9 | 10-12 || total
---------------------------+-------+-------+-------+-------++-------
   Fire: Shortbow          |    95 |    75 |   192 |       ||   362
         Arbalest          |       |       |    69 |    82 ||   151
    Use: Potion            |       |       |       |     1 ||     1
 Armour: Leather armour    |     9 |     3 |       |       ||    12
         Robe              |       |     9 |    36 |     6 ||    51
  Dodge: Dodged            |    30 |    38 |   132 |    55 ||   255
